 Dungeon Crawl Stone Soup version 0.27.1 (webtiles) character file.

Game seed: 18394423257842324051

14849 ABBCCCDDDD the Martial Artist (level 12, -5/82 HPs)
             Began as an Octopode Delver on Sept 3, 2021.
             Was a High Priest of Okawaru.
             Slain by a wyvern (19 damage)
             ... on level 3 of the Lair of Beasts.
             The game lasted 00:55:45 (21372 turns).

ABBCCCDDDD the Martial Artist (Octopode Delver)    Turns: 21372, Time: 00:55:45

Health: -5/82      AC:  1    Str: 12    XL:     12   Next: 20%
Magic:  18/18      EV: 12    Int: 16    God:    Okawaru [*****.]
Gold:   633        SH: 17    Dex: 14    Spells: 11/19 levels left

rFire    . . .     SeeInvis .     - Unarmed
rCold    . . .     Faith    .   t - +1 kite shield
rNeg     . . .     Spirit   .   (helmet restricted)
rPois    .         Reflect  +   y - amulet of reflection
rElec    .         Harm     .   L - ring of flight
rCorr    .         Rampage  .   (no ring)
Will     .....                  (no ring)
Stlth    +++++.....             (no ring)
HPRegen  0.23/turn              (no ring)
MPRegen  0.16/turn              (no ring)
                                (no ring)
                                (no ring)

@: flying
A: almost no armour, amphibious, 8 rings, camouflage 1, gelatinous body 1,
(nimble swimmer 1), tentacles
a: Renounce Religion, Heroism, Finesse


You were on level 3 of the Lair of Beasts.
You worshipped Okawaru.
Okawaru was extremely pleased with you.
You visited 4 branches of the dungeon, and saw 17 of its levels.
You also visited: Sewer.

You collected 633 gold pieces.

Inventory:

Hand Weapons
 a - a +0 hunting sling
 i - the +4 short sword of the Skies Above {vamp, rF+++ rC- rN+ Int+2}
   (You found it on level 4 of the Dungeon)

   It occasionally heals its wielder for a portion of the damage dealt when it
   wounds a living foe.
   Int:       It affects your intelligence (+2).
   rF:        It renders you almost immune to fire.
   rC:        It makes you vulnerable to cold.
   rN:        It protects you from negative energy.
 x - a +0 trident
Missiles
 n - 64 poisoned darts (quivered)
 o - 350 stones
 u - 117 sling bullets
 C - 27 boomerangs
 D - 3 curare-tipped darts
 H - 6 atropa-tipped darts
 I - 8 javelins
Armour
 g - a +0 tower shield
 t - a +1 kite shield (worn)
Jewellery
 y - an amulet of reflection (around mantle)
 L - a ring of flight (left tentacle)
Wands
 e - a wand of digging (3)
 q - a wand of flame (4)
 s - a wand of acid (6)
 A - a wand of iceblast (15)
Scrolls
 b - 3 scrolls of magic mapping
 c - 3 scrolls of fear
 f - a scroll of brand weapon
 j - 2 scrolls of summoning
 k - a scroll of teleportation
 l - 2 scrolls of enchant weapon
 m - 5 scrolls of amnesia
 w - 3 scrolls of enchant armour
 K - a scroll of torment
 M - 3 scrolls of identify
Potions
 d - 4 potions of haste
 h - a potion of mutation
 p - a potion of invisibility
 r - 4 potions of attraction
 v - 3 potions of brilliance
 z - 4 potions of heal wounds
 B - 6 potions of curing
 E - a potion of magic
 F - 3 potions of might
 J - a potion of flight
Miscellaneous
 G - a condenser vane (inert)


   Skills:
 - Level 8.0 Fighting
 - Level 3.3 Throwing
 - Level 2.0 Dodging
 - Level 7.8 Stealth
 + Level 9.5 Shields
 - Level 9.6 Unarmed Combat
 - Level 4.4 Spellcasting
 - Level 2.0 Transmutations
 + Level 2.7 Earth Magic
 - Level 9.0 Invocations
 - Level 5.0 Evocations


You had 11 spell levels left.
You knew the following spells:

 Your Spells              Type           Power      Damage    Failure   Level
a - Sandblast             Erth           24%        2d8       11%         1
b - Passwall              Tmut/Erth      9%         N/A       19%         2
c - Lee's Rapid Deconstr  Erth           6%         3d7*      96%         5

Your spell library contained the following spells:

 Spells                   Type           Power      Damage    Failure   Level
 Sting                    Tmut/Pois      24%        1d4       22%         1
 Ensorcelled Hibernation  Hex/Ice        6%         N/A       43%         2
 Poisonous Vapours        Pois/Air       6%         N/A       43%         2
 Static Discharge         Conj/Air       3%         N/A       43%         2
 Spider Form              Tmut/Pois      3%         N/A       54%         3
 Olgreb's Toxic Radiance  Pois           3%         N/A       97%         4
 Lightning Bolt           Conj/Air       1%         1d12      100%        5
 Shadow Creatures         Summ           N/A        N/A       100%        6
 Maxwell's Capacitive Co  Air            1%         ∞         100%        8


Dungeon Overview and Level Annotations

Branches:
Dungeon (12/15)            Temple (1/1) D:5            Lair (3/6) D:11
  Swamp (0/4) Lair:3        Snake (0/4) Lair:2          Orc (1/2) D:11
  Sewer (visited)

Altars:
Ashenzari
Cheibriados
Dithmenos
Elyvilon
Fedhas
Gozag
Hepliaklqana
Kikubaaqudgha
Makhleb
Nemelex Xobeh
Okawaru
Qazlal
Ru
Sif Muna
Trog
Uskayaw
Vehumet
Wu Jian
Xom
Yredelemnul
Zin
The Shining One

Portals:
Trove: D:11 (give 4 scrolls of blinking)

Annotations:
D:8 exclusion: catoblepas
D:9 Psyche
D:11 exclusions: downstairs, gargoyle and manticore
Lair:1 exclusion: cane toad
Lair:2 exclusion: 3 nagas


Innate Abilities, Weirdness & Mutations

You cannot wear most types of armour.
You are amphibious.
You can wear up to eight rings at the same time.
Your skin changes colour to match your surroundings (Stealth+).
Your rubbery body absorbs attacks. (AC +1, EV +1)
((You are camouflaged near water. (Stealth+)))
You have tentacles for arms and can constrict up to eight enemies at once.


Message History

You tentacle-slap the wyvern but do no damage.
The wyvern is lightly wounded.
You feel sick. You block the wyvern's attack. x2
You tentacle-slap the wyvern but do no damage.
You squeeze the wyvern.
The wyvern is moderately wounded.
You feel sick. You block the wyvern's attack.
You barely miss the wyvern.
Your tentacle-slap misses the wyvern.
The wyvern is moderately wounded.
You feel sick. The wyvern bites you. x2
You tentacle-slap the wyvern but do no damage.
The wyvern is moderately wounded.
You feel sick. The wyvern bites you.
You fail to use your ability.
You feel sick. You block the wyvern's attack.
You bludgeon the wyvern! You squeeze the wyvern.
The wyvern is severely wounded.
You feel sick. The wyvern barely misses you. x2
You tentacle-slap the wyvern.
Your tentacle-slap misses the wyvern.
You squeeze the wyvern, but do no damage.
The wyvern is almost dead.
You feel sick. The wyvern bites you.
* * * LOW HITPOINT WARNING * * *
You tentacle-slap the wyvern.
The wyvern is almost dead.
You feel sick. You block the wyvern's attack. x2
You tentacle-slap the wyvern.
The wyvern is almost dead.
You feel sick.
You are no longer poisoned.
You block the wyvern's attack.
You tentacle-slap the wyvern but do no damage.
Your tentacle-slap misses the wyvern.
The wyvern is almost dead.
The wyvern bites you!
* * * LOW HITPOINT WARNING * * *
You block the wyvern's attack.
You barely miss the wyvern.
Your tentacle-slap misses the wyvern.
The wyvern is almost dead.
The wyvern bites you!!
You die...

#P .#.###..... ..
..!...#... P
.........#
#.#........#
###.#........# #
#.............
..###..#.!l#.....
......[..@†......
............(..(
.##.P...##..... #
#P.#..>#..#>.. #.
#...#......###
##.##.......#..#
#.............##
#####...#...P#.##
# #..###..###.#.#


You could see a wyvern.

Levels and vault maps discovered:
D:1:      minmay_arrival_three_doors, layout_loops_corners,
          basic_ecumenical_altar
D:2:      layout_rooms, uniq_jessica, uniq_natasha
D:3:      minmay_diamond_boxcup, layout_loops_ring, uniq_sigmund, uniq_robin,
          uniq_ijyb
D:4:      layout_rooms, cheibrodos_sewer_entry_sluice
D:5:      layout_basic, minmay_temple_entry_mini_moons, serial_bayou_pond_d,
          ebering_dispersal_statue_hall
D:6:      layout_loops_ring
D:7:      layout_basic, grunt_temple_overflow_open, minmay_misc_feat_nine_boxes,
          solitary_fountain
D:8:      layout_loops_corners, kennysheep_opposing_triangles
D:9:      layout_loops_ring, uniq_psyche, uniq_harold
D:10:     layout_stronghold, lemuel_crystal_altar
D:11:     layout_long_grid, erik_lair_orcish_takeover, erik_orc_3,
          nicolae_trove_entry_isolated
D:12:     minmay_glassy_protrusions, layout_basic
Temple:   regret_index_temple_sphere_string
Lair:1:   layout_concentric_octagons, grunt_megastairs_4
Lair:2:   layout_big_grid, minmay_snake_entry_guardpost_medium,
          infiniplex_staircase_pool
Lair:3:   layout_loops_ring, skrybe_swamp_entry_bodies, basic_altar,
          serial_bayou_shore_a
Orc:1:    layout_caves

Notes
Turn   | Place    | Note
-------+----------+-------------------------------------------
     0 | D:5      | ABBCCCDDDD the Octopode Delver began the quest for the Orb.
     0 | D:5      | Reached XP level 1. HP: 16/16 MP: 1/1
    52 | D:3      | Noticed an orc priest
   248 | D:4      | Noticed a scorpion
   602 | D:4      | Killed a scorpion
   603 | D:4      | Reached XP level 2. HP: 21/21 MP: 2/2
   603 | D:4      | Reached XP level 3. HP: 26/26 MP: 3/3
   603 | D:4      | Reached XP level 4. HP: 31/31 MP: 4/4
   607 | D:4      | Identified the +4 short sword of the Skies Above {vamp,
                  | rF+++ rC- rN+ Int+2}
   668 | D:4      | Found a glowing drain.
   677 | Sewer    | Entered a sewer
  1178 | Sewer    | Noticed a bullfrog
  1184 | Sewer    | Noticed a bullfrog
  1196 | Sewer    | Killed a bullfrog
  1197 | Sewer    | Reached XP level 5. HP: 27/36 MP: 5/5
  1209 | Sewer    | Reached skill level 5 in Unarmed Combat
  1209 | Sewer    | Reached XP level 6. HP: 31/42 MP: 6/6
  1775 | D:1      | Found a faded altar of an unknown god.
  2485 | D:2      | Noticed Natasha
  2604 | D:2      | Killed Natasha
  2667 | D:2      | Noticed Natasha
  2691 | D:2      | Killed Natasha
  2715 | D:2      | Noticed Natasha
  2725 | D:2      | Killed Natasha
  2927 | D:2      | Noticed Jessica
  2930 | D:2      | Killed Jessica
  3190 | D:3      | Reached XP level 7. HP: 48/48 MP: 7/7
  3317 | D:3      | Noticed Robin
  3371 | D:2      | Killed Robin
  3565 | D:3      | Reached skill level 1 in Shields
  3696 | D:3      | Noticed Sigmund
  4077 | D:3      | Noticed Ijyb
  4730 | D:5      | Reached skill level 5 in Fighting
  5606 | D:5      | Reached XP level 8. HP: 55/55 MP: 8/8
  6417 | D:5      | Found a staircase to the Ecumenical Temple.
  6423 | Temple   | Entered the Ecumenical Temple
  6578 | Temple   | Became a worshipper of Warmaster Okawaru
  6676 | D:5      | Reached skill level 5 in Shields
  7640 | D:6      | Reached XP level 9. HP: 52/61 MP: 9/9
  8424 | D:7      | Reached * piety under Okawaru
  8485 | D:7      | Found a glowing golden altar of the Shining One.
  8493 | D:7      | Found a blossoming altar of Fedhas.
  8494 | D:7      | Found a snail-covered altar of Cheibriados.
  8497 | D:7      | Found a sparkling altar of Nemelex Xobeh.
  8498 | D:7      | Found a sacrificial altar of Ru.
  8583 | D:7      | Reached skill level 1 in Invocations
 11232 | D:8      | Noticed a catoblepas
 11407 | D:8      | Reached ** piety under Okawaru
 11440 | D:8      | Reached XP level 10. HP: 62/66 MP: 12/12
 11699 | D:9      | Noticed a centaur warrior
 11707 | D:9      | Killed a centaur warrior
 11708 | D:9      | Reached skill level 1 in Spellcasting
 12280 | D:9      | Noticed Psyche
 12416 | D:9      | Noticed Harold
 12490 | D:10     | Entered Level 10 of the Dungeon
 12697 | D:10     | Found a hazy altar of Hepliaklqana.
 12701 | D:10     | Noticed a two-headed ogre
 12817 | D:10     | Noticed a two-headed ogre
 12850 | D:10     | Killed a two-headed ogre
 13060 | D:11     | Found a portal to a secret trove of treasure.
 13126 | D:11     | Noticed a two-headed ogre
 13186 | D:11     | Killed a two-headed ogre
 13186 | D:11     | Reached *** piety under Okawaru
 13187 | D:11     | Reached skill level 5 in Invocations
 13785 | D:12     | Noticed a green ugly thing
 13826 | D:11     | Noticed a gargoyle
 14043 | D:3      | Killed Ijyb
 14520 | D:3      | Killed Sigmund
 14929 | D:9      | Killed Harold
 14929 | D:9      | Reached **** piety under Okawaru
 14930 | D:9      | Reached skill level 5 in Evocations
 14930 | D:9      | Reached XP level 11. HP: 65/77 MP: 15/15
 16057 | D:10     | Killed a two-headed ogre
 16770 | D:11     | Reached ***** piety under Okawaru
 17430 | D:11     | Found a staircase to the Lair.
 17499 | D:11     | Noticed a manticore
 17567 | D:11     | Reached skill level 1 in Throwing
 17582 | Lair:1   | Entered Level 1 of the Lair of Beasts
 18185 | D:11     | Found a staircase to the Orcish Mines.
 18344 | Orc:1    | Entered Level 1 of the Orcish Mines
 18344 | Orc:1    | Noticed an orc knight
 18344 | Orc:1    | Noticed an orc sorcerer
 19097 | D:12     | Noticed a red ugly thing
 19824 | Lair:1   | Reached XP level 12. HP: 82/82 MP: 18/18
 20313 | Lair:2   | Learned a level 1 spell: Sandblast
 20316 | Lair:2   | Learned a level 2 spell: Passwall
 20322 | Lair:2   | Learned a level 5 spell: Lee's Rapid Deconstruction
 20437 | Lair:2   | Reached skill level 1 in Transmutations
 20437 | Lair:2   | Reached skill level 1 in Earth Magic
 20445 | Lair:2   | Found a staircase to the Snake Pit.
 21057 | Lair:3   | Found a staircase to the Swamp.
 21360 | Lair:3   | Received a gift from Okawaru
 21372 | Lair:3   | Slain by a wyvern

Table legend: (Time is in decaauts)
 A = Elapsed time spent in this place.
 B = Non-inter-level travel time spent in this place.
 C = Inter-level travel time spent in this place.
 D = Time resting spent in this place.
 E = Time spent auto-exploring this place.
 F = Levels seen in this place.
 G = Mean time per level.
                   A        B        C        D        E       F      G
               +--------+--------+--------+--------+--------+-----+--------+
         Total |  21343 |  19672 |   1671 |   6729 |   6346 |  18 | 1185.7 |
       Dungeon |  18140 |  16786 |   1354 |   6033 |   5336 |  12 | 1511.7 |
        Temple |    183 |    136 |     47 |      0 |    121 |   1 |  183.0 |
          Lair |   2377 |   2107 |    270 |    408 |    881 |   3 |  792.3 |
  Orcish Mines |      3 |      3 |      0 |      0 |      0 |   1 |    3.0 |
         Sewer |    638 |    638 |      0 |    288 |      8 |   1 |  638.0 |
               +--------+--------+--------+--------+--------+-----+--------+

Top non-repeatable levels by time:
    D:11: 2859 daAuts
     D:5: 2411 daAuts
     D:8: 2036 daAuts
    D:10: 1716 daAuts
     D:9: 1595 daAuts
     D:7: 1504 daAuts
     D:3: 1390 daAuts
     D:4: 1352 daAuts
  Lair:1: 1303 daAuts
     D:6: 1268 daAuts
  Lair:2: 949 daAuts
     D:1: 903 daAuts
     D:2: 835 daAuts
   Sewer: 638 daAuts
    D:12: 268 daAuts

Table legend:
 A = Kills in this place as a percentage of kills in entire the game.
 B = Kills by you in this place as a percentage of kills by you in the entire game.
 C = Kills by friends in this place as a percentage of kills by friends in the entire game.
 D = Other kills in this place as a percentage of other kills in the entire game.
 E = Experience gained in this place as a percentage of experience gained in the entire game.
 F = Experience gained in this place divided by the number of levels of this place that you have seen.
                   A       B       C       D       E      F
               +-------+-------+-------+-------+-------+----------------------
         Total | 100.0 | 100.0 |   N/A |   N/A | 100.0 | 1178.5
       Dungeon |  84.8 |  84.8 |   N/A |   N/A |  74.0 | 1307.6
          Lair |   8.7 |   8.7 |   N/A |   N/A |  24.9 | 1758.0
         Sewer |   6.5 |   6.5 |   N/A |   N/A |   1.2 | 248.0
               +-------+-------+-------+-------+-------+----------------------

Action                   |  1- 3 |  4- 6 |  7- 9 | 10-12 || total
-------------------------+-------+-------+-------+-------++-------
Melee: Unarmed           |    13 |   139 |   348 |   369 ||   869
       Constrict         |     2 |    32 |    67 |    59 ||   160
       Tentacles         |     1 |    28 |    66 |    70 ||   165
       Punch             |       |     4 |    12 |    35 ||    51
Throw: Dart              |       |       |    75 |   145 ||   220
Invok: Heroism           |       |       |     4 |    15 ||    19
       Finesse           |       |       |       |     1 ||     1
Evoke: Wand              |     2 |     3 |     7 |     7 ||    19
       Condenser vane    |       |       |       |     1 ||     1
  Use: Scroll            |       |       |     8 |    12 ||    20
       Potion            |       |       |     2 |       ||     2
 Stab: Sleeping          |     1 |    13 |    16 |    11 ||    41
       Distracted        |       |     1 |     3 |     1 ||     5
Armor: Skin              |     3 |     8 |    19 |    11 ||    41
Dodge: Dodged            |    12 |    58 |    90 |    77 ||   237
Block: Other             |       |     3 |     4 |       ||     7
       Kite shield       |       |       |   177 |   230 ||   407
       Reflection        |       |       |    10 |    11 ||    21

Vanquished Creatures
  Harold (D:9)
  3 two-headed ogres
  A centaur warrior (D:9)
  3 cane toads
  3 komodo dragons
  A troll (D:9)
  2 polar bears
  Sigmund (D:3)
  A wyvern (Lair:1)
  13 yaks
  A wraith (D:12)
  2 wargs (D:11)
  6 water moccasins
  8 orc warriors
  2 ice beasts
  7 centaurs
  6 ogres
  2 kobold brigands
  13 bullfrogs
  3 scorpions
  2 water moccasin skeletons
  A howler monkey (D:10)
  3 wights (D:8)
  5 centaur zombies
  16 orc priests
  A hound (D:6)
  6 jellies
  A centaur skeleton (D:5)
  A gnoll shaman (D:7)
  Jessica (D:2)
  3 iguanas
  A scorpion zombie (D:5)
  Ijyb (D:3)
  Natasha (thrice) (D:2)
  21 orc wizards
  Robin (D:2)
  A howler monkey zombie (D:7)
  8 gnolls
  12 adders
  A howler monkey skeleton (D:6)
  2 white imps
  An ufetubus (D:7)
  An adder skeleton (D:4)
  2 worms (D:4)
  2 dart slugs (D:3)
  55 orcs
  10 endoplasms
  9 giant cockroaches
  13 goblins
  8 hobgoblins
  3 jackals
  6 quokkas
  4 ball pythons
  3 bats
  5 frilled lizards
  17 kobolds
  A rat (D:2)
310 creatures vanquished.

Vanquished Creatures (others)
  A kobold (D:9)
  5 fungi
  16 plants
22 creatures vanquished.

Grand Total: 332 creatures vanquished
